 Dungeon Crawl Stone Soup version 0.14-a0-1029-g9530a8b (console) character file.

877 vogonpoet the Scratcher (level 7, -2/31 HPs)
             Began as a Felid Monk on Nov 23, 2013.
             Was a Priest of Nemelex Xobeh.
             Slain by a brown ugly thing (3 damage)
             ... summoned by the player character
             ... on Level 4 of the Dungeon.
             The game lasted 00:26:05 (9377 turns).

vogonpoet the Scratcher (Felid Monk)                Turns: 9377, Time: 00:26:05

HP  -2/31        AC  2     Str  8      XL: 7   Next: 23%
MP  18/18        EV 20     Int 11      God: Nemelex Xobeh [***...]
Gold 250         SH  0     Dex 20      Spells:  0 memorised,  6 levels left
Lives: 0, deaths: 2

Res.Fire  : . . .   See Invis. : +     - Unarmed
Res.Cold  : + . .   Warding    : .   (armour unavailable)
Life Prot.: . . .   Conserve   : .   (shield unavailable)
Res.Poison: .       Res.Corr.  : .   (helmet unavailable)
Res.Elec. : .       Clarity    : .   (cloak unavailable)
Sust.Abil.: . .     Spirit.Shd : .   (gloves unavailable)
Res.Mut.  : .       Stasis     : .   (boots unavailable)
Res.Rott. : .       Flight     : .   (no amulet)
Saprovore : . . .                    n - ring of sustenance {unknown}
                                     B - ring of protection from cold {unknown}

@: slowed, slow, somewhat resistant to hostile enchantments, quite stealthy
A: paw claws, no armour, no advanced items, fangs 3, see invisible, carnivore 3,
speed 1, shaggy fur 2, slow metabolism 1, jump 2
a: Jump Attack, Draw One, Peek at Two, Triple Draw, Renounce Religion


You were on level 4 of the Dungeon.
You worshipped Nemelex Xobeh.
Nemelex Xobeh was most pleased with you.
You were full.

You visited 2 branches of the dungeon, and saw 7 of its levels.

You collected 250 gold pieces.

Inventory:

Comestibles
 b - 5 meat rations
Scrolls
 c - 2 scrolls of teleportation
 g - a scroll of random uselessness
 i - 5 scrolls of identify
 k - a scroll of remove curse {unknown}
 q - a scroll of magic mapping
 v - a scroll of enchant weapon I
 x - a scroll of noise
Jewellery
 n - a ring of sustenance (right paw) {unknown}
 B - a ring of protection from cold (left paw) {unknown}
Potions
 d - 4 potions of curing
 e - a potion of might {unknown}
 f - 2 potions of flight
 h - a potion of heal wounds {unknown}
 j - 2 potions of brilliance {unknown}
 l - a potion of speed {unknown}
 z - 2 potions of agility {unknown}
 A - a potion of magic {unknown}
 D - a potion of invisibility {unknown}


   Skills:
 - Level 5.3 Fighting
 - Level 4.0 Dodging
 - Level 2.6 Stealth
 - Level 6.5 Unarmed Combat
 + Level 6.2 Evocations


You had 6 spell levels left.
You didn't know any spells.

Dungeon Overview and Level Annotations

Branches:
Dungeon (6/16)             Temple (1/1) D:5

Altars:
Ashenzari
Cheibriados
Elyvilon
Makhleb
Nemelex Xobeh
Okawaru
Sif Muna
Trog
Vehumet
Yredelemnul
Zin
the Shining One

Shops:
D:4 *   D:6 =

Annotations:
D:4 vogonpoet's ghost, experienced FoAM
D:5 Prince Ribbit


Innate Abilities, Weirdness & Mutations

You cannot wear armour.
You are incapable of any advanced item manipulation.
Your paws have sharp claws.
You have razor-sharp teeth.
You have supernaturally acute eyesight.
You are carnivorous and can eat meat at any time.
You cover ground quickly.
You are covered in thick fur (AC +2).
You have a slow metabolism.
You can jump attack at a medium distance.


Message History

Vogonpoet's ghost points at you and mumbles some strange words.
You resist.
Unknown command.
Your glowing short sword hits vogonpoet's ghost.
Vogonpoet's ghost casts a spell at you. You resist.
Your glowing short sword hits vogonpoet's ghost but does no damage.
Vogonpoet's ghost hits your glowing short sword!
Your glowing short sword is destroyed!
The brown ugly thing pecks you.
You are splashed with acid!
The acid burns!
The brown ugly thing closely misses you.
The brown ugly thing closely misses you.
The brown ugly thing pecks you.
You are splashed with acid!
The acid burns!
* * * LOW HITPOINT WARNING * * *
A rat comes into view.
You are no longer glowing.
The brown ugly thing completely misses you.
The brown ugly thing pecks you.
You die...
Your body glows slightly and disappears.

#.# #.##...... #..
##.#.#.##......# #.. .
..#.#.##......######## #..
.#######...#.##.r...........# #..
......<#.###.##.............###..
##>..............................
.........#....p.............###..
.......#.#.####u(....#.########..
.........#.##...@................
##.###.#.#.##.#......#.#########.
............#.#..........##......
##.###.#.####.######.....##.#####
#.#...#.................##.#
##p#.########.######.....##.#
.....########.# ########.#
#.............# #.#
#.............# #.#


You could see a brown ugly thing, vogonpoet's ghost and a rat (sleeping).

Vanquished Creatures
  A sky beast (D:5)
  A phantom (D:5)
  An ogre (D:5)
  A centaur (D:5)
  A giant frog (D:5)
  3 hounds
  3 orc priests (D:6)
  An orc wizard (D:3)
  2 iguanas
  2 worker ants (D:4)
  10 adders
  A giant mite (D:3)
  3 worms
  An adder zombie (D:5)
  3 giant eyeballs
  3 giant geckos
  3 oozes
  17 orcs
  15 bats
  A giant cockroach (D:2)
  4 goblins
  5 hobgoblins
  5 jackals
  6 quokkas
  4 ball pythons
  A giant gecko skeleton (D:4)
  7 giant newts
  A hobgoblin zombie (D:5)
  8 kobolds
  A kobold skeleton (D:5)
  10 rats
  A rat skeleton (D:4)
  A rat zombie (D:5)
127 creatures vanquished.

Vanquished Creatures (collateral kills)
  A phantom (D:4)
1 creature vanquished.

Vanquished Creatures (others)
  A dancing weapon (D:4)
1 creature vanquished.

Grand Total: 129 creatures vanquished

Notes
Turn   | Place    | Note
--------------------------------------------------------------
     0 | D:1      | vogonpoet, the Felid Monk, began the quest for the Orb.
     0 | D:1      | Reached XP level 1. HP: 9/9 MP: 1/1
   280 | D:1      | Reached XP level 2. HP: 13/13 MP: 2/2
   874 | D:2      | Reached XP level 3. HP: 14/16 MP: 4/4
  1798 | D:2      | Reached XP level 4. HP: 20/20 MP: 6/6
  1942 | D:2      | Found an iron altar of Okawaru.
  1952 | D:2      | Reached skill level 5 in Unarmed Combat
  2985 | D:3      | Mangled by an orc
  2986 | D:3      | Reached XP level 3. HP: -11/16 MP: 4/4
  3351 | D:3      | Reached XP level 4. HP: 3/20 MP: 6/6
  3776 | D:3      | Reached skill level 6 in Unarmed Combat
  3991 | D:4      | HP: 1/20 [orc/orcish mace (6)]
  4003 | D:5      | Entered Level 5 of the Dungeon
  4330 | D:5      | Noticed an ogre
  4503 | D:4      | Got a polished leather armour
  5132 | D:4      | Reached XP level 5. HP: 10/23 MP: 7/7
  5395 | D:4      | Found Movoezxo's Elemental Accessories.
  5462 | D:4      | Noticed a phantom
  6402 | D:4      | Noticed vogonpoet's ghost (experienced FoAM)
  6561 | D:5      | Gained mutation: You are covered in thick fur (AC +2). [growing up]
  6561 | D:5      | Gained mutation: You can jump attack at a medium distance. [growing up]
  6561 | D:5      | Reached XP level 6. HP: 25/27 MP: 9/9
  6563 | D:5      | Paralysed by a giant eyeball for 3 turns
  6584 | D:5      | Found a staircase to the Ecumenical Temple.
  6594 | Temple   | Entered the Ecumenical Temple
  6627 | Temple   | Became a worshipper of Nemelex Xobeh
  6627 | Temple   | Received a gift from Nemelex Xobeh
  6627 | Temple   | Acquired Nemelex Xobeh's first power
  6730 | D:5      | Noticed a sky beast
  7023 | D:5      | Killed a sky beast
  7243 | D:5      | Noticed Prince Ribbit
  7375 | D:5      | Noticed a centaur
  7387 | D:5      | Killed a centaur
  7387 | D:5      | Reached skill level 5 in Fighting
  7387 | D:5      | Reached XP level 7. HP: 26/31 MP: 11/11
  7389 | D:5      | Acquired Nemelex Xobeh's second power
  7639 | D:5      | Killed an ogre
  8269 | D:6      | Paralysed by a giant eyeball for 3 turns
  8277 | D:6      | Paralysed by a giant eyeball for 3 turns
  8305 | D:6      | Slain by a hobgoblin
  8306 | D:6      | Reached XP level 6. HP: 0/28 MP: 13/13
  8321 | D:6      | Found Blaodwy's Jewellery Emporium.
  8664 | D:5      | Reached skill level 5 in Evocations
  8664 | D:5      | Reached XP level 7. HP: 6/31 MP: 15/17
  8957 | D:4      | Received a gift from Nemelex Xobeh
  9051 | D:4      | Killed a phantom
  9092 | D:4      | Acquired Nemelex Xobeh's third power
  9356 | D:4      | Noticed a brown ugly thing
  9369 | D:4      | HP: 1/31 [acid[the player character] (11)]
  9377 | D:4      | Slain by a brown ugly thing

Action                   |  1- 3 |  4- 6 |  7- 9 || total
-------------------------+-------+-------+-------++-------
Melee: Unarmed           |   108 |   277 |    57 ||   442
 Abil: Jump Attack       |     1 |     1 |       ||     2
Evoke: Deck              |       |     5 |     9 ||    14
  Use: Scroll            |       |    15 |       ||    15
 Stab: Sleeping          |     7 |     7 |       ||    14
       Distracted        |       |     1 |       ||     1
